 Dungeon Crawl Stone Soup version 0.31-a0-844-gdc52ec4e09 (webtiles) character file.

Game seed: 14286246362862111196

109 arglypuff the Magician (level 4, -1/24 HPs)
             Began as a Deep Elf Hedge Wizard on Sept 30, 2023.
             Slain by an orc priest
             ... wielding a +0 dagger
              (3 damage)
             ... on level 2 of the Dungeon.
             The game lasted 00:06:13 (2737 turns).

arglypuff the Magician (Deep Elf Hedge Wizard)      Turns: 2737, Time: 00:06:14

Health: -1/24      AC:  6    Str:  7    XL:     4   Next: 60%
Magic:  1/14       EV: 12    Int: 21    God:
Gold:   140        SH:  0    Dex: 14    Spells: 8/16 levels left

rFire   . . .        f - +0 falchion
rCold   + . .        (no shield)
rNeg    . . .        b - +0 robe
rPois   .            c - +0 hat
rElec   .            (no cloak)
rCorr   .            (no gloves)
SInv    .            (no boots)
Will    .....        (no amulet)
Stlth   ++           g - +4 ring of protection
HPRegen 0.24/turn    h - ring of protection from cold
MPRegen 0.14/turn

%: no passive effects
@: mighty
A: no striking features
a: no special abilities


You were on level 2 of the Dungeon.
You visited 1 branch of the dungeon, and saw 3 of its levels.

You collected 140 gold pieces.

Inventory:

Hand Weapons
 a - a +0 dagger
 f - a +0 falchion (weapon)
Armour
 b - a +0 robe (worn)
 c - a +0 hat (worn)
Jewellery
 g - a +4 ring of protection (left hand)
 h - a ring of protection from cold (right hand)
 n - a ring of resist corrosion
Talismans
 l - a flux talisman
Scrolls
 i - a scroll of vulnerability {unknown}
 j - a scroll of enchant weapon {unknown}
 m - 2 scrolls of identify {unknown}
 o - a scroll of torment {unknown}
Potions
 d - a potion of magic
 e - a potion of lignification {unknown}
 k - 2 potions of might
 p - 2 potions of curing {unknown}


   Skills:
 + Level 0.2 Long Blades
 + Level 2.7 Dodging
 + Level 2.5 Stealth
 + Level 6.5 Spellcasting
 + Level 2.3 Conjurations
 + Level 1.3 Summonings
 + Level 1.3 Translocations


You had 8 spell levels left.
You knew the following spells:

 Your Spells              Type           Power      Damage    Failure   Level
a - Magic Dart            Conj           64%        1d6       3%          1
b - Call Imp              Summ           24%        N/A       9%          2
c - Blink                 Tloc           24%        N/A       9%          2
d - Volatile Blastmotes   Fire/Tloc      18%        2d11      22%         3

Your spell library contained the following spells:

 Spells                   Type           Power      Damage    Failure   Level
 Freeze                   Ice            24%        1d4       10%         1
 Slow                     Hex            24%        N/A       10%         1
 Cigotuvi's Dreadful Rot  Necr/Pois/Air  12%        N/A       14%         2
 Dazzling Flash           Conj/Hex       22%        N/A       17%         3
 Hailstorm                Conj/Ice       11%        3d5       17%         3
 Mephitic Cloud           Conj/Pois/Air  10%        N/A       21%         3
 Frozen Ramparts          Ice            12%        1d2       28%         3
 Starburst                Conj/Fire      5%         6d4       100%        6
 Maxwell's Capacitive Co  Air            3%         ∞         100%        8


Dungeon Overview and Level Annotations

Branches:
Dungeon (3/15)

Altars:


Message History

The orc priest is moderately wounded.
The orc priest barely misses you.
Casting: Magic Dart (safe; 3% risk of failure)
Confirm with . or Enter, or press ? or * to list all spells.
Aiming: Magic Dart (safe; 3% risk of failure)
Press: ? - help, Shift-Dir - straight line, f/p - orc priest
Aim: an orc priest, wielding a +0 dagger and wearing a +0 scale mail (moderately wounded, 100% to hit)
The magic dart hits the orc priest but does no damage.
The orc priest is moderately wounded.
The orc priest miscasts a cantrip.
Your magical contamination has completely faded away.
Casting: Magic Dart (safe; 3% risk of failure)
Confirm with . or Enter, or press ? or * to list all spells.
Aiming: Magic Dart (safe; 3% risk of failure)
Press: ? - help, Shift-Dir - straight line, f/p - orc priest
Aim: an orc priest, wielding a +0 dagger and wearing a +0 scale mail (moderately wounded, 100% to hit)
The magic dart hits the orc priest but does no damage.
The orc priest is moderately wounded.
The orc priest hits you but does no damage.
You hit the orc priest but do no damage.
The orc priest is moderately wounded.
The orc priest closely misses you.
You closely miss the orc priest.
The orc priest is moderately wounded.
The orc priest hits you with a +0 dagger.
You closely miss the orc priest.
The orc priest is moderately wounded.
The orc priest mumbles some strange prayers to Beogh against you.
Pain shoots through your body!
Ouch! That really hurt!
* * * LOW HITPOINT WARNING * * *
You hit the orc priest but do no damage.
The orc priest is moderately wounded.
The orc priest hits you but does no damage.
The orc priest hits you with a +0 dagger.
* * * LOW HITPOINT WARNING * * *
It was a potion of might.
You feel very mighty all of a sudden.
The orc priest hits you with a +0 dagger.
You die...

#.#########...###############.#..
..###### #.#.........^..........
.......####.#.....###########.#..
######....>.#####..## #.#..
####..### ##..# #.#..
#....######.#### #.#..
######.##....###....######.#..
#......#####.o#####......#.###
#.###########@.....#####...##
#...........######..# ##...#
###########.........# ###.#
########### ###


You could see an orc priest.

Vanquished Creatures
  A gnoll (D:3)
  6 adders
  A worm (D:2)
  2 dart slugs (D:1)
  4 endoplasms
  5 goblins
  3 hobgoblins
  2 jackals (D:3)
  3 quokkas
  3 ball pythons (D:1)
  3 bats
  3 kobolds
  2 rats
38 creatures vanquished.

Vanquished Creatures (collateral kills)
  An endoplasm (D:2)
  A bat (D:2)
2 creatures vanquished.

Grand Total: 40 creatures vanquished

Notes
Turn   | Place    | Note
-------+----------+-------------------------------------------
     0 | D:1      | arglypuff the Deep Elf Hedge Wizard began the quest for the
                  | Orb.
     0 | D:1      | Reached XP level 1. HP: 10/10 MP: 7/7
   250 | D:1      | Reached skill level 5 in Spellcasting
   254 | D:1      | Reached XP level 2. HP: 9/15 MP: 2/10
   408 | D:1      | Learned a level 2 spell: Call Imp
   601 | D:1      | Learned a level 2 spell: Blink
   700 | D:1      | You fall into a shaft and drop 1 floor!
  1235 | D:2      | Reached XP level 3. HP: 19/19 MP: 3/12
  1239 | D:2      | Learned a level 3 spell: Volatile Blastmotes
  1712 | D:2      | Reached skill level 6 in Spellcasting
  1859 | D:2      | Reached XP level 4. HP: 19/24 MP: 4/14
  2718 | D:3      | Noticed an orc warrior
  2737 | D:2      | Slain by an orc priest

Illustrated notes

Levels and vault maps discovered:
D:1:      tarquinn_simple_flora_water_f, layout_loops_ring,
          minmay_misc_feat_plants, amethyst_killhole, nrook_uturn
D:2:      layout_rooms, chequers_serial_rivers_micro_a, minmay_octomino_j4
D:3:      layout_loops_corners, uniq_natasha

Skill      XL: |  1  2  3 |
---------------+----------+-----
Spellcasting   | 5 6 |  6.5
Conjurations   | 2 |  2.3
Long Blades    | |  0.2
Dodging        | |  2.7
Stealth        | |  2.5
Summonings     | |  1.3
Translocations | |  1.3

Action                     |  1- 3 |  4- 6 || total
---------------------------+-------+-------++-------
  Melee: Falchion          |     4 |     7 ||    11
         Dagger            |     1 |       ||     1
   Cast: Magic Dart        |    86 |    48 ||   134
         Call Imp          |     2 |       ||     2
         Blink             |     6 |     2 ||     8
    Use: Potion            |       |     1 ||     1
 Armour: Robe              |    13 |    14 ||    27
  Dodge: Dodged            |    15 |    10 ||    25

Table legend: (Time is in decaauts)
 A = Elapsed time spent in this place.
 B = Non-inter-level travel time spent in this place.
 C = Inter-level travel time spent in this place.
 D = Time resting spent in this place.
 E = Time spent auto-exploring this place.
 F = Levels seen in this place.
 G = Mean time per level.
                   A        B        C        D        E       F      G
               +--------+--------+--------+--------+--------+-----+--------+
         Total |   2738 |   2702 |     36 |     41 |   2355 |   3 |  912.7 |
       Dungeon |   2738 |   2702 |     36 |     41 |   2355 |   3 |  912.7 |
               +--------+--------+--------+--------+--------+-----+--------+

Top non-repeatable levels by time:
     D:1: 1194 daAuts
     D:2: 991 daAuts
     D:3: 552 daAuts
